AoeStats
← Lord_Wilfredo

MegaRandom

504899062Analyzed
1v1 RM · 26d ago on Sep 7, 2026· 40m 12s· 2 players
Game mode
Random Map
Map size
Tiny (2 player)
Population
200
Speed
Normal
Resources
Standard
Victory
Conquest
Starting age
Dark Age
Ending age
Imperial Age
RankedLock teamsTeams togetherTeam positionsShared explorationLock speedFull tech treeHidden civsTurbo modeCheats
Victory
Defeat
🇲🇽 Mongols · Mexico
1232
+17
🇦🇷 Mongols · Argentina
1255
-17
JonMar
4:51 Loom
13:01 Feudal Age
14:28 Town Watch
17:02 Castle Age
16:41 Wheelbarrow
17:53 Double-Bit Axe
28:23 Forging
29:41 Hand Cart
31:16 Scale Barding Armor
31:54 Light Cavalry
32:45 Bloodlines
32:35 Husbandry
32:23 Horse Collar
38:59 Imperial Age
38:31 Iron Casting
37:56 Stone Mining
40:01 Chain Barding Armor
Lord_Wilfredo
4:30 Loom
11:20 Feudal Age
17:26 Castle Age
17:30 Double-Bit Axe
17:52 Fletching
32:47 Bow Saw
35:25 Bloodlines
36:03 Stone Mining
Connection lost

Rejoining the realm…

Still unreachable

The connection could not be restored.

Session expired

The server has moved on; the page needs a fresh start.